 Dungeon Crawl Stone Soup version 0.31-a0-667-g39726597b9 (webtiles) character file.

Game seed: 7709327447604208469

20345 Xavori the Slicer (level 12, -12/64 HPs)
             Began as a Vine Stalker Chaos Knight on Sept 3, 2023.
             Was a Plaything of Xom.
             Mangled by a reaper
             ... wielding a +2 scythe of freezing
              (30 damage)
             ... in an ice cave.
             The game lasted 00:21:22 (20120 turns).

Xavori the Slicer (Vine Stalker Chaos Knight)      Turns: 20120, Time: 00:21:23

Health: -12/64     AC: 30    Str: 15    XL:     12   Next: 78%
Magic:  0/13       EV: 12    Int: 12    God:    Xom [...*..]
Gold:   1182       SH:  0    Dex: 17    Spells: 11/11 levels left

rFire   . . .        A - +3 short sword
rCold   + + +        (no shield)
rNeg    . . .        M - +0 ice dragon scales
rPois   .            g - +1 helmet
rElec   .            Q - +2 cloak {rC+}
rCorr   .            (no gloves)
SInv    .            m - +2 pair of boots
Will    +....        y - amulet of regeneration
Stlth   ++++         l - +4 ring of protection
HPRegen 1.90/turn    (no ring)
MPRegen 0.13/turn

%: guardian spirit
@: no status effects
A: fangs 3, regeneration 1, magic shield, antimagic bite, no potion heal 2,
claws 1, talons 1, iridescent scales 3, camouflage 1, clumsy 1, fire resistance
1, sense surroundings 2, MP-powered wands, noise suppression
a: Renounce Religion


You were in an ice cave.
You worshipped Xom.
You were a favourite toy of Xom.
You visited 2 branches of the dungeon, and saw 12 of its levels.
You also visited: Ice Cave.

You collected 1356 gold pieces.
You spent 174 gold pieces at shops.

Inventory:

Hand Weapons
 a - a +0 short sword of chaos
 A - a +3 short sword (weapon)
 G - a +2 dagger of draining
 P - a +1 dagger of venom
Missiles
 o - 3 throwing nets
Armour
 g - a +1 helmet (worn)
 m - a +2 pair of boots (worn)
 J - +0 steam dragon scales
 M - +0 ice dragon scales (worn)
 O - a +0 troll leather armour
 Q - a +2 cloak of cold resistance (worn)
Jewellery
 k - an amulet of the acrobat
 l - a +4 ring of protection (left claw)
 w - a ring of wizardry
 y - an amulet of regeneration (around neck)
Talismans
 z - a beast talisman
Wands
 e - a wand of charming (19)
 v - a wand of flame (33)
 x - a wand of polymorph (9)
 B - a wand of acid (1)
 E - a wand of iceblast (16)
Scrolls
 c - 2 scrolls of butterflies
 f - 2 scrolls of enchant armour
 h - a scroll of noise
 j - 3 scrolls of amnesia
 p - 6 scrolls of teleportation
 q - a scroll of vulnerability
 r - a scroll of brand weapon
 s - 3 scrolls of immolation
 u - 3 scrolls of enchant weapon
 I - 4 scrolls of identify
 K - 2 scrolls of revelation
 N - a scroll of silence
Potions
 d - a potion of mutation {unknown}
 i - 2 potions of curing
 n - a potion of degeneration {unknown}
 t - 4 potions of attraction
 C - a potion of brilliance
 F - 3 potions of might
 H - a potion of resistance {unknown}
 L - a potion of enlightenment {unknown}


   Skills:
 + Level 8.0 Fighting
 + Level 10.4 Short Blades
 + Level 5.7 Armour
 + Level 8.0 Dodging
 + Level 10.3 Stealth
 + Level 1.7 Evocations
 * Level 6.6 Shapeshifting


You had 11 spell levels left.
You didn't know any spells.
Your spell library contained the following spells:

 Spells                   Type           Power      Damage    Failure   Level
 Ensorcelled Hibernation  Hex/Ice        0%         N/A       92%         2
 Sublimation of Blood     Necr           0%         N/A       92%         2
 Wereblood                Tmut           0%         N/A       92%         2
 Anguish                  Hex/Necr       0%         N/A       100%        4
 Vhi's Electric Charge    Tloc/Air       0%         N/A       100%        4
 Arcjolt                  Conj/Air       0%         1d10      100%        5
 Summon Hydra             Summ           0%         N/A       100%        7
 Maxwell's Capacitive Co  Air            0%         ∞         100%        8


Dungeon Overview and Level Annotations

Branches:
Dungeon (11/15)            Temple (0/1) D:7            Lair (1/5) D:8
    Orc (0/2) D:9           IceCv (1/1)

Altars:
Elyvilon
Fedhas
Nemelex Xobeh
Ru
Xom
Yredelemnul

Shops:
D:1 (   D:4 *!==   D:10 (


Innate Abilities, Weirdness & Mutations

You have razor-sharp teeth.
Your natural rate of healing is unusually fast.
When hurt, damage is shared between your health and your magic reserves.
Your bite disrupts and absorbs the magic of your enemies.
Potions cannot restore your health.
You have sharp fingernails.
You have sharp toenails.
You are completely covered in iridescent scales. (AC +6)
Your skin changes colour to match your surroundings (Stealth+).
You are clumsy. (Dex -2)
Your flesh is heat resistant. (rF+)
You passively map the area around you.
You expend magic power (3 MP) to strengthen your wands.
You passively dampen the noise of your surroundings.


Message History

You hit the reaper but do no damage. You bite the reaper. You drain its power.
You feel invigorated.
The reaper is lightly wounded.
You hit the reaper.
The reaper is lightly wounded.
The reaper barely misses you.
You hit the reaper but do no damage. Your bite misses the reaper.
The reaper is lightly wounded.
You barely miss the reaper.
The reaper is lightly wounded.
The reaper hits you with a +2 scythe of freezing!!
A shower of butterflies erupts from you!
The reaper freezes you.
Aiming: Charm
Press: ? - help, Shift-Dir - straight line, f - reaper
Aim: a reaper, wielding a +2 scythe of freezing (lightly wounded, ally target, chance to affect: 4%)
Okay, then.
Aiming: Corrosive Bolt
Press: ? - help, Shift-Dir - straight line, f - reaper
Aim: a reaper, wielding a +2 scythe of freezing (lightly wounded, ally target, 74% to hit)
You feel a surge of power!
The bolt of acid hits the reaper!
The acid corrodes the reaper!
The reaper is moderately wounded.
The reaper hits you with a +2 scythe of freezing!
Unknown command.
Aiming: Corrosive Bolt
Press: ? - help, Shift-Dir - straight line, f/p - reaper
Aim: a reaper, wielding a +2 scythe of freezing (moderately wounded, covered in acid, ally target, 74% to hit)
You feel a slight surge of power.
The bolt of acid hits the reaper!
The reaper seems to be corroded for longer.
The reaper is heavily wounded.
The reaper smiles without lips.
The reaper hits you with a +2 scythe of freezing!!
* * * LOW HITPOINT WARNING * * *
The reaper freezes you.
* * * LOW HITPOINT WARNING * * *
You swap places.
The reaper hits you from afar with a +2 scythe of freezing!!
You die...
Xom cackles wildly!

#.#.'.......'.#.#
#'######'######'#
#...............#
####8.#####.8####
##.#/.)#.##
#.#.⌠?#.#
#.#[2b#.#
#.##b##.#
#..@....#
####⌠#### ###


You could see a reaper (corroded, ally target).

Vanquished Creatures
  The ghost of Aneuramo the Metamorph, a journeyman OpSh of Ashenzari (Lair:1)
  A centaur warrior (D:11)
  A boulder beetle (D:11)
  A two-headed ogre (D:10)
  A cyclops (D:11)
  A manticore (D:10)
  2 ice statues (IceCv)
  A cane toad (Lair:1)
  2 gargoyles
  A kobold demonologist (D:9)
  An unseen horror (D:11)
  An anaconda simulacrum (IceCv)
  A yaktaur (D:11)
  4 ice devils (IceCv)
  2 hornets
  3 trolls (D:10)
  4 dire elephant simulacra (IceCv)
  20 yaks
  A vampire (D:10)
  A wraith (D:11)
  A shadow (D:9)
  2 basilisks (Lair:1)
  3 steam dragons
  Grum (D:10)
  A wyvern (D:9)
  2 vampire mosquitoes (D:11)
  A death yak simulacrum (IceCv)
  Menkaure (D:5)
  An acid dragon (D:9)
  5 hydra simulacra (IceCv)
  3 water moccasins
  A black bear (D:7)
  6 orc warriors
  2 ice beasts
  2 ogres
  3 sky beasts
  4 wolves
  10 centaurs
  10 bullfrogs
  2 kobold brigands
  A cane toad simulacrum (IceCv)
  2 scorpions (D:5)
  A gnoll sergeant (D:7)
  2 wights
  An elephant simulacrum (IceCv)
  10 killer bees
  A troll skeleton (D:11)
  5 spriggan skeletons (D:11)
  8 electric eels (D:10)
  11 howler monkeys
  5 jellies
  3 orc priests
  4 hounds
  A sleepcap (D:4)
  Crazy Yiuf (D:6)
  2 gnoll boudas
  Ijyb (D:3)
  6 iguanas
  9 orc wizards
  A spriggan simulacrum (IceCv)
  17 gnolls
  5 adders
  A river rat (D:5)
  A shadow imp (D:6)
  A white imp (IceCv)
  3 ufetubi
  5 worms
  A dart slug (D:1)
  25 orcs
  10 ball pythons
  8 bats
  3 endoplasms
  4 giant cockroaches
  3 goblins
  2 hobgoblins
  5 jackals
  4 kobolds
  5 quokkas
  7 frilled lizards
  2 rats
298 creatures vanquished.

Vanquished Creatures (collateral kills)
  A yak (D:10)
  A vampire mosquito (D:11)
  An orc warrior (D:10)
  3 wolves (Lair:1)
  A centaur (D:11)
  A bullfrog (Lair:1)
  A worm (Lair:1)
  4 orcs (D:11)
13 creatures vanquished.

Vanquished Creatures (others)
  A steam dragon (D:9)
  A wight (D:7)
  2 killer bees (D:9)
  Jessica (D:3)
5 creatures vanquished.

Grand Total: 316 creatures vanquished

Notes
Turn   | Place    | Note
-------+----------+-------------------------------------------
     0 | D:1      | Xavori the Vine Stalker Chaos Knight began the quest for
                  | the Orb.
     0 | D:1      | Reached XP level 1. HP: 11/11 MP: 2/2
     3 | D:1      | XOM: divination: magic mapping
   429 | D:1      | XOM: cloud trail
   572 | D:1      | XOM: 1-stop teleportation journey
   619 | D:1      | XOM: cloud trail
   778 | D:1      | XOM: silly message
   953 | D:1      | XOM: silly message
  1151 | D:1      | XOM: silly message
  1393 | D:1      | XOM: silly message
  2001 | D:1      | XOM: give mutations
  2001 | D:1      | Gained mutation: You are partially covered in iridescent
                  | scales. (AC +2) [Xom's grace]
  2001 | D:1      | Gained mutation: You expend magic power (3 MP) to
                  | strengthen your wands. [Xom's grace]
  2001 | D:1      | Gained mutation: You are mostly covered in iridescent
                  | scales. (AC +4) [Xom's grace]
  2164 | D:1      | XOM: scenery: summon butterflies
  2677 | D:1      | XOM: give mutations
  2677 | D:1      | Gained mutation: You passively map a small area around you.
                  | [Xom's mischief]
  2677 | D:1      | Gained mutation: You passively map the area around you.
                  | [Xom's mischief]
  2677 | D:1      | Gained mutation: You are clumsy. (Dex -2) [Xom's mischief]
  2708 | D:1      | XOM is BORED!
  2757 | D:1      | XOM: summons 1 hostile shadow creature
  2866 | D:1      | Reached XP level 2. HP: 16/16 MP: 3/3
  3089 | D:1      | XOM: draining
  3255 | D:1      | Found Vure's Weapon Shoppe.
  3415 | D:2      | Reached XP level 3. HP: 19/20 MP: 1/4
  3599 | D:1      | XOM: summons 4 hostile shadow creatures
  4722 | D:1      | XOM: silly message
  5531 | D:1      | XOM: silly message
  6067 | D:1      | XOM: silly message
  6563 | D:1      | XOM is BORED!
  6563 | D:1      | XOM: silly message
  6817 | D:1      | XOM: cloud trail
  6967 | D:1      | XOM is BORED!
  6967 | D:1      | XOM: silly message
  7580 | D:1      | XOM: noise
  8285 | D:1      | XOM: cloud trail
  8433 | D:1      | XOM is BORED!
  8433 | D:1      | XOM: noise
  8789 | D:1      | XOM: noise
  9740 | D:1      | XOM: silly message
  9917 | D:1      | XOM is BORED!
 10072 | D:1      | XOM: noise
 10284 | D:2      | Reached skill level 1 in Stealth
 10585 | D:2      | Reached XP level 4. HP: 24/24 MP: 5/5
 10591 | D:2      | XOM: smoke on damage
 10903 | D:3      | Noticed Ijyb
 10908 | D:3      | XOM: confuse monster(s)
 10919 | D:3      | Found a faded altar of an unknown god.
 10919 | D:3      | XOM: 9-stop teleportation journey
 10921 | D:3      | Reached skill level 1 in Dodging
 10930 | D:3      | Killed Ijyb
 11101 | D:3      | Noticed Jessica
 11108 | D:3      | Killed Jessica
 11108 | D:3      | XOM: destruction
 11117 | D:3      | Reached XP level 5. HP: 20/28 MP: 6/6
 11233 | D:3      | XOM: divination: magic mapping
 11578 | D:4      | XOM: polymorph orc -> jackal
 11593 | D:4      | XOM: blink monster(s)
 11617 | D:4      | Noticed an ogre
 11641 | D:4      | Killed an ogre
 11642 | D:4      | Reached XP level 6. HP: 18/32 MP: 4/7
 11655 | D:4      | XOM: stat loss: -1 Str (13/14)
 11717 | D:4      | XOM: blink monster(s)
 11776 | D:4      | Found Jesub's Jewellery Shop.
 11793 | D:4      | Found Rakig's Distillery.
 11796 | D:4      | Bought a potion of lignification for 39 gold pieces
 11796 | D:4      | Bought a potion of attraction for 39 gold pieces
 11846 | D:4      | XOM: summons 2 hostile shadow creatures
 11869 | D:4      | Found Wedonwir's Assorted Antiques.
 11872 | D:4      | Bought a scroll labelled BIHOQI SIADGH for 32 gold pieces
 11914 | D:4      | XOM: enchant monster (bad)
 11992 | D:4      | Found Yniwneuh's Jewellery Boutique.
 12212 | D:4      | You fall into a shaft and drop 1 floor!
 12212 | D:5      | Entered Level 5 of the Dungeon
 12400 | D:4      | XOM: swap monsters
 12404 | D:4      | XOM: confusion (+ monsters)
 12418 | D:4      | Reached XP level 7. HP: 36/36 MP: 8/8
 12602 | D:4      | Bought a scroll labelled PINYLOTHOUCOL for 32 gold pieces
 12602 | D:4      | Bought a scroll labelled EXTEKA XOSUME for 32 gold pieces
 12881 | D:5      | XOM: cleaving
 13002 | D:5      | XOM: polymorph orc -> river rat
 13007 | D:5      | Reached skill level 5 in Short Blades
 13017 | D:5      | Upgraded the game from 0.31-a0-664-g902f515a81 to
                  | 0.31-a0-667-g39726597b9
 13075 | D:5      | Gained mutation: You have razor-sharp teeth. [Vine Stalker
                  | growth]
 13075 | D:5      | Reached XP level 8. HP: 42/42 MP: 9/9
 13129 | D:5      | XOM: silly message
 13230 | D:5      | Noticed Menkaure
 13238 | D:5      | Killed Menkaure
 13583 | D:6      | Reached skill level 5 in Stealth
 13655 | D:6      | XOM: confuse monster(s)
 13678 | D:6      | Found a blossoming altar of Fedhas.
 13734 | D:6      | Found a runed translucent door.
 13735 | D:6      | Noticed Crazy Yiuf
 13953 | D:6      | Killed Crazy Yiuf
 14013 | D:7      | XOM: smoke on damage
 14036 | D:7      | XOM: swap monsters
 14134 | D:7      | Reached XP level 9. HP: 46/46 MP: 10/10
 14371 | D:7      | XOM: god gift: 12 gold pieces
 14399 | D:7      | XOM: polymorph killer bee -> hound
 14412 | D:7      | Reached skill level 5 in Fighting
 14456 | D:7      | Found a basalt altar of Yredelemnul.
 14457 | D:7      | Found a sparkling altar of Nemelex Xobeh.
 14461 | D:7      | Found a sacrificial altar of Ru.
 14472 | D:7      | Found a white marble altar of Elyvilon.
 14502 | D:7      | Found a faded altar of an unknown god.
 14502 | D:7      | Found the Hermit's Pendant {Faith Invo=14 Evo=0 MP+5}
 14504 | D:7      | Noticed a gargoyle
 14519 | D:7      | XOM: divine lightning
 14520 | D:7      | Killed a gargoyle
 14592 | D:7      | XOM: 4-stop teleportation journey
 14619 | D:7      | XOM: scenery: 1 doors close
 14886 | D:7      | XOM: cast spell 'Call Canine Familiar'
 14915 | D:7      | XOM: polymorph hound -> howler monkey
 14971 | D:7      | Found a staircase to the Ecumenical Temple.
 15093 | D:7      | XOM: divination: detect items
 15302 | D:8      | Reached skill level 1 in Shapeshifting
 15511 | D:8      | Found a staircase to the Lair.
 15542 | D:8      | Reached XP level 10. HP: 51/51 MP: 11/11
 15550 | D:8      | XOM: divination: detect items
 15648 | D:8      | XOM: divination: detect creatures
 15683 | D:8      | Reached skill level 5 in Dodging
 15861 | D:8      | XOM: silly message
 16033 | D:9      | Found a staircase to the Orcish Mines.
 16115 | D:9      | XOM: silly message
 16279 | D:9      | XOM: silly message
 16296 | D:9      | XOM: potion effect (brilliance)
 16300 | D:9      | XOM: butterfly on damage
 16381 | D:9      | XOM: scenery: 1 doors open
 16515 | D:9      | Identified the +0 scale mail of Jaxt {Str+6}
 16583 | D:9      | XOM: give mutations
 16583 | D:9      | Gained mutation: You have sharp fingernails. [Xom's grace]
 16583 | D:9      | Gained mutation: Your flesh is heat resistant. (rF+) [Xom's
                  | grace]
 16583 | D:9      | Gained mutation: Your skin changes colour to match your
                  | surroundings (Stealth+). [Xom's grace]
 16583 | D:9      | Gained mutation: You have sharp toenails. [Xom's grace]
 16655 | D:9      | XOM: god gift: staff of conjuration
 16666 | D:9      | XOM: enchant monster (good)
 16694 | D:9      | XOM: confusion
 16696 | D:9      | XOM: divine lightning
 16707 | D:9      | XOM: silly message
 16755 | D:9      | Noticed a kobold demonologist
 16784 | D:9      | Killed a kobold demonologist
 16827 | D:9      | XOM: summons friendly shadow imp
 16850 | D:9      | XOM: enchant monster (good)
 16865 | D:9      | XOM: confuse monster(s)
 16907 | D:9      | XOM: summons friendly crimson imp
 16911 | D:9      | XOM: polymorph crimson imp -> cerulean imp
 16916 | D:9      | Reached XP level 11. HP: 25/56 MP: 12/12
 16983 | D:9      | Identified the +0 leather armour of Unreason {rPois Int+3}
 17108 | D:10     | Entered Level 10 of the Dungeon
 17119 | D:10     | Noticed Grum
 17123 | D:10     | XOM: divination: detect items
 17135 | D:10     | XOM: fog
 17145 | D:10     | XOM: 6-stop teleportation journey
 17169 | D:10     | XOM: 5-stop teleportation journey
 17262 | D:10     | Noticed a two-headed ogre
 17262 | D:10     | XOM: enchant monster (good)
 17270 | D:10     | Killed a two-headed ogre
 17271 | D:10     | Reached skill level 1 in Evocations
 17273 | D:10     | Noticed a manticore
 17297 | D:10     | Killed a manticore
 17425 | D:10     | XOM: 1-stop teleportation journey
 17489 | D:10     | Killed Grum
 17507 | D:10     | XOM: confuse monster(s)
 17576 | D:10     | Found Qulec's Weapon Emporium.
 17646 | D:10     | XOM: confuse monster(s)
 18008 | D:10     | XOM: fog
 18296 | D:11     | XOM: polymorph something unseen -> yaktaur
 18304 | D:11     | Reached skill level 5 in Armour
 18304 | D:11     | XOM: 3-stop teleportation journey
 18314 | D:11     | XOM: scenery: 1 doors open
 18355 | D:11     | Reached skill level 5 in Shapeshifting
 18482 | D:11     | XOM: enchant monster (good)
 18494 | D:11     | XOM: swap monsters
 18678 | D:11     | Noticed a boulder beetle
 18682 | D:11     | XOM: summons 5 friendly demons
 18703 | D:11     | XOM: polymorph shadow imp -> iron imp
 18730 | D:11     | Killed a boulder beetle
 18882 | D:11     | Noticed a cyclops
 18885 | D:11     | Killed a cyclops
 18935 | D:11     | Noticed a centaur warrior
 18940 | D:11     | XOM: give mutations
 18940 | D:11     | Gained mutation: You are completely covered in iridescent
                  | scales. (AC +6) [Xom's grace]
 18940 | D:11     | Gained mutation: You passively dampen the noise of your
                  | surroundings. [Xom's grace]
 18955 | D:11     | Killed a centaur warrior
 18956 | D:11     | Reached XP level 12. HP: 60/63 MP: 13/13
 18975 | D:11     | XOM: god gift: 681 gold pieces
 19075 | D:11     | XOM: 2-stop teleportation journey
 19164 | Lair:1   | Entered Level 1 of the Lair of Beasts
 19165 | Lair:1   | XOM: scenery: summon butterflies
 19167 | Lair:1   | Found a runed translucent door.
 19168 | Lair:1   | Noticed Aneuramo's ghost (journeyman OpSh)
 19182 | Lair:1   | XOM: divine lightning
 19185 | Lair:1   | Killed Aneuramo's ghost
 19245 | Lair:1   | XOM: summons friendly white imp
 19265 | Lair:1   | XOM: destruction
 19274 | Lair:1   | XOM: noise
 19317 | Lair:1   | XOM: cast spell 'Summon Ice Beast'
 19406 | Lair:1   | XOM: scenery: create altars
 19443 | Lair:1   | XOM: summons friendly ufetubus
 19448 | Lair:1   | XOM: fog
 19484 | Lair:1   | Reached skill level 10 in Short Blades
 19500 | Lair:1   | Found a frozen archway.
 19519 | Lair:1   | XOM: cleaving
 19525 | Lair:1   | XOM: fake destruction
 19542 | Lair:1   | XOM: summons friendly white imp
 19565 | IceCv    | Entered an ice cave
 19624 | IceCv    | XOM: fake destruction
 19628 | IceCv    | XOM: god gift: leather armour {god gift}
 19672 | IceCv    | XOM: noise
 19682 | IceCv    | XOM: potion effect (brilliance)
 19709 | IceCv    | XOM: polymorph ice beast -> boggart
 19782 | IceCv    | Reached skill level 10 in Stealth
 19808 | IceCv    | XOM: scenery: 1 doors close
 19961 | IceCv    | XOM: 1-stop teleportation journey
 20109 | IceCv    | Noticed a reaper
 20117 | IceCv    | XOM: butterfly on damage
 20120 | IceCv    | Mangled by a reaper

Illustrated notes

Levels and vault maps discovered:
D:1:      minmay_arrival_three_doors, layout_loops_cross, serial_shops, shop,
          minmay_tromino_v2
D:2:      minmay_skewed_foursquare, layout_basic
D:3:      layout_basic, hellmonk_ecumenical_altar_blasted, uniq_jessica,
          uniq_ijyb
D:4:      layout_basic, serial_shops, shop, nicolae_shop_behind_doors,
          nicolae_shop_gaudy_bauble, nicolae_shop_real_fake_doors
D:5:      layout_loops_ring, uniq_menkaure
D:6:      layout_cave_pools, mainiacjoe_overflow_tiny_flanked,
          uniq_crazy_yiuf_cottage
D:7:      layout_loops_corners, nicolae_overflow_macrodata_refinement,
          temple_statues, hellmonk_guarded_unrand_hermit
D:8:      layout_loops_cross, lair_entry_dummy, grunt_tough_drop
D:9:      minmay_s_stair_smasher, layout_gridville, orc_0_dummy,
          kennysheep_generic_room_6
D:10:     layout_roguey, serial_bayou, serial_bayou_ford_a,
          serial_bayou_crossing, serial_bayou_lagoon_b, serial_bayou_shore_b,
          serial_bayou_lagoon_a, serial_shops,
          nicolae_shop_tiny_real_fake_doors, st_stairs_8, minmay_misc_feat_tiny,
          minivault_16, uniq_grum
D:11:     layout_roguey, minmay_misc_feat_encased, hangedman_tell_no_tales
Lair:1:   layout_cave_pods, gammafunk_ghost_grave,
          portal_ice_cave_entry_pillars_2, lemuel_fruit_fields,
          serial_bayou_shore_a
IceCv:    ice_cave_tombish

Skill      XL: |  1  2  3  4  5  6  7  8  9 10 11 12 |
---------------+-------------------------------------+-----
Armour         | 2 3 4 5 |  5.7
Short Blades   | 3 4 5 6 7 8 9 10 | 10.4
Fighting       | 3 4 5 6 7 8 |  8.0
Stealth        | 1 2 3 4 6 8 9 10 | 10.3
Dodging        | 1 2 3 4 6 7 8 |  8.0
Shapeshifting  | 1 3 5 6 |  6.6
Evocations     | 1 |  1.7

Action                     |  1- 3 |  4- 6 |  7- 9 | 10-12 || total
---------------------------+-------+-------+-------+-------++-------
  Melee: Short sword       |   115 |   209 |   384 |   960 ||  1668
         Bite              |    31 |    67 |   129 |   521 ||   748
         Punch             |     1 |     4 |     3 |    23 ||    31
         Dagger            |       |       |       |   234 ||   234
  Evoke: Wand              |       |       |     5 |    16 ||    21
    Use: Scroll            |       |     6 |     9 |     2 ||    17
         Potion            |       |       |     2 |       ||     2
   Stab: Sleeping          |     1 |     6 |    13 |    15 ||    35
         Confused          |       |     1 |     1 |     3 ||     5
         Distracted        |       |       |       |     4 ||     4
 Armour: Leather armour    |    54 |   130 |   194 |   193 ||   571
         Skin              |       |       |     5 |       ||     5
         Steam dragon scal |       |       |       |    49 ||    49
         Troll leather arm |       |       |       |   310 ||   310
         Ice dragon scales |       |       |       |   171 ||   171
  Dodge: Dodged            |    49 |   121 |   178 |   658 ||  1006

Table legend: (Time is in decaauts)
 A = Elapsed time spent in this place.
 B = Non-inter-level travel time spent in this place.
 C = Inter-level travel time spent in this place.
 D = Time resting spent in this place.
 E = Time spent auto-exploring this place.
 F = Levels seen in this place.
 G = Mean time per level.
                   A        B        C        D        E       F      G
               +--------+--------+--------+--------+--------+-----+--------+
         Total |  19478 |  18980 |    498 |   9795 |   6547 |  13 | 1498.3 |
       Dungeon |  18742 |  18244 |    498 |   9771 |   6362 |  11 | 1703.8 |
          Lair |    300 |    300 |      0 |      0 |      1 |   1 |  300.0 |
      Ice Cave |    434 |    434 |      0 |     24 |    184 |   1 |  434.0 |
               +--------+--------+--------+--------+--------+-----+--------+

Top non-repeatable levels by time:
     D:1: 9745 daAuts
     D:4: 1180 daAuts
    D:10: 1122 daAuts
     D:2: 1114 daAuts
     D:7: 1044 daAuts
     D:9: 954 daAuts
     D:8: 795 daAuts
     D:5: 792 daAuts
    D:11: 781 daAuts
     D:3: 719 daAuts
     D:6: 491 daAuts
   IceCv: 434 daAuts
  Lair:1: 300 daAuts
